AoeStats
← bullseyes

African Clearing

505912035Analyzed
4v4 RM · 21d ago on Sep 11, 2026· 25m 54s· 8 players
Game mode
Random Map
Map size
Large (8 player)
Population
200
Speed
Normal
Resources
Standard
Victory
Conquest
Starting age
Dark Age
Ending age
Imperial Age
RankedLock teamsTeams togetherTeam positionsShared explorationLock speedFull tech treeHidden civsTurbo modeCheats
Victory
Defeat
🇹🇷 Wu · Türkiye
1610
+14
🇹🇷 Khitans · Türkiye
1585
+15
🇹🇷 Huns · Türkiye
1520
+17
🇹🇷 Khmer · Türkiye
1482
+19
🇫🇷 Cumans · France
1610
-20
🇨🇴 Spanish · Colombia
1536
-15
🇧🇪 Jurchens · Belgium
1533
-15
🇯🇵 Inca · Japan
1524
-15
ÇARMENDIR BEY
5:35 Loom
12:43 Feudal Age
16:58 Castle Age
14:50 Double-Bit Axe
14:55 Arson
15:12 Scale Mail Armor
15:15 Horse Collar
16:50 Forging
19:38 Squires
Raskolnikov
6:11 Loom
12:31 Feudal Age
14:36 Double-Bit Axe
16:35 Forging
16:55 Horse Collar
18:24 Scale Barding Armor
24:29 Castle Age
24:05 Bloodlines
25:42 Husbandry
emre hkc
6:05 Loom
12:13 Feudal Age
19:39 Fletching
21:32 Double-Bit Axe
22:18 Padded Archer Armor
24:20 Castle Age
24:01 Gold Mining
25:30 Bodkin Arrow
diyojen
11:13 Feudal Age
11:56 Double-Bit Axe
17:06 Fletching
17:14 Loom
22:56 Castle Age
21:17 Padded Archer Armor
22:58 Crossbowman
23:44 Thumb Ring
24:09 Heavy Cavalry Archer
25:16 Bodkin Arrow
JIJINz
6:28 Loom
12:01 Feudal Age
15:38 Fletching
17:56 Double-Bit Axe
bullseyes
14:14 Feudal Age
18:10 Castle Age
16:17 Double-Bit Axe
16:25 Loom
16:53 Scale Barding Armor
18:14 Scale Barding Armor
19:12 Bow Saw
19:58 Town Watch
Sebasky
12:41 Loom
14:53 Feudal Age
16:10 Double-Bit Axe
21:49 Castle Age
25:57 Fletching
retaux
12:52 Feudal Age
14:24 Loom
20:11 Castle Age
18:23 Horse Collar
18:57 Fletching
25:02 Bodkin Arrow
Connection lost

Rejoining the realm…

Still unreachable

The connection could not be restored.

Session expired

The server has moved on; the page needs a fresh start.